 Dungeon Crawl Stone Soup version 0.30-a0-800-g7c544603b3 (webtiles) character file.

Game seed: 13048450316516905637

17 oldriver the Shooter (level 3, -13/30 HPs)
             Began as a Meteoran Hunter on Feb 22, 2023.
             Was a Plaything of Xom.
             Engulfed by a cloud of flame (15 damage)
             ... on level 2 of the Dungeon.
             The game lasted 00:02:50 (406 turns).

oldriver the Shooter (Meteoran Hunter)               Turns: 406, Time: 00:02:51

Health: -13/30     AC:  3    Str: 13    XL:     3   Next: 2%
Magic:  4/4        EV: 13    Int: 10    God:    Xom [..*...]
Gold:   16         SH:  0    Dex: 19    Spells: 2/2 levels left

rFire   + . .      SeeInvis .    (no weapon)
rCold   + . .      Faith    .    (no shield)
rNeg    . . .      Spirit   .    c - +0 leather armour
rPois   +          Reflect  .    (no helmet)
rElec   +          Harm     .    (no cloak)
rCorr   +          Rampage  .    (no gloves)
Will    .....                    (no boots)
Stlth   +                        (no amulet)
HPRegen 0.25/turn                (no ring)
MPRegen 0.09/turn                (no ring)

@: mighty, resistant, on berserk cooldown, slowed, glowing, very slow
A: sense surroundings 1, otherworldly, glowing, explore regen
a: Renounce Religion


You were on level 2 of the Dungeon.
You worshipped Xom.
You were a toy of Xom.
You visited 1 branch of the dungeon, and saw 2 of its levels.

You collected 16 gold pieces.

Inventory:

Hand Weapons
 a - a +0 shortbow
Armour
 c - a +0 leather armour (worn)
Scrolls
 h - a scroll of identify {unknown}
Potions
 f - a potion of might


   Skills:
 + Level 2.5 Fighting
 * Level 4.8 Ranged Weapons
 + Level 2.8 Dodging
 - Level 0.6 Stealth


You had 2 spell levels left.
You didn't know any spells.
Your spell library contained the following spells:

 Spells                   Type           Power      Damage    Failure   Level
 Summon Forest            Summ/Tloc      0%         N/A       100%        5
 Summon Mana Viper        Hex/Summ       0%         N/A       100%        5
 Summon Cactus Giant      Summ           0%         N/A       100%        6


Dungeon Overview and Level Annotations

Branches:
Dungeon (2/15) Zot: 786

Altars:
Xom


Innate Abilities, Weirdness & Mutations

You passively map a small area around you.
You are easily found by Zot.
You glow in the dark.
You regain HP and MP as you explore.


Message History

You are exhausted.
You feel yourself slow down.
Really read the scroll of immolation?
As you read the scroll of immolation, it crumbles to dust.
The creatures around you are filled with an inner flame!
It was a potion of might.
You feel very mighty all of a sudden.
Xom roars with laughter!
The hobgoblin hits you but does no damage.
Robin throws the goblin at you! The hobgoblin hits you.
It was a potion of curing.
You feel better. The hobgoblin barely misses you.
The goblin hits you with a +0 dagger.
It was a potion of berserk rage.
You're still recovering from your berserk rage.
The hobgoblin barely misses you. The goblin barely misses you. x2
Robin throws the goblin at you! The hobgoblin closely misses you.
The goblin hits you but does no damage.
It was a potion of resistance.
You feel protected. The hobgoblin misses you.
The goblin hits you with a +0 dagger. The goblin barely misses you.
You punch the hobgoblin!
The hobgoblin explodes!
The fiery explosion engulfs the hobgoblin!!!
The fiery explosion engulfs you! You resist.
* * * LOW HITPOINT WARNING * * *
The hobgoblin explodes!
The fiery explosion engulfs the goblin!!
The goblin explodes!
The fiery explosion engulfs the goblin!! x2
The fiery explosion engulfs the hobgoblin!!!
The hobgoblin explodes!
The fiery explosion engulfs the hobgoblin!!
You kill the hobgoblin!
The fiery explosion engulfs Robin!!
You kill Robin!
The goblin explodes! x2
You are engulfed in blazing flames.
You resist.
Ouch! That really hurt!
You die...
Xom snickers!

*
+.........+..........
*
#.........#*#......#
#.......# #......# *
#.§§§.# #..<..# #§§§#
#.....# #§#
###..##### #§#
#....... ** #§#
#.###### ,, ##@## #.#
* ,##gg.## #.#
,#.....#######.#
,##...†.....##.#
##>#.####.##.#
###.........#
,....###.#### ##.##
#.# #.. ..#


You could see 2 goblins.

Vanquished Creatures
  Robin (D:2)
  A ball python (D:1)
  3 bats (D:1)
  3 endoplasms (D:1)
  2 giant cockroaches (D:1)
  4 goblins (D:2)
  5 hobgoblins
  A quokka (D:2)
  A frilled lizard (D:1)
  A rat (D:2)
22 creatures vanquished.

Notes
Turn   | Place    | Note
-------+----------+-------------------------------------------
     0 | D:1      | oldriver the Meteoran Hunter began the quest for the Orb.
     0 | D:1      | Reached XP level 1. HP: 17/17 MP: 2/2
   153 | D:1      | Reached XP level 2. HP: 25/25 MP: 3/3
   185 | D:1      | Found a faded altar of an unknown god.
   203 | D:1      | Prayed at the altar of an unknown god.
   203 | D:1      | Became a worshipper of Xom the Chaotic
   362 | D:1      | XOM: divination: detect creatures
   391 | D:2      | Noticed Robin
   391 | D:2      | XOM: potion effect (berserk rage)
   398 | D:2      | Reached XP level 3. HP: 30/30 MP: 4/4
   406 | D:2      | Killed Robin
   406 | D:2      | Engulfed by a cloud of flame

Illustrated notes

Levels and vault maps discovered:
D:1:      elethiomel_arrival_quiet, layout_loops_corners,
          ebering_ecumenical_altar_webs, minmay_strange_pillars
D:2:      minmay_alternating_diamond, layout_loops_corners, serial_glass,
          glass_columns_a, glass_columns_b, uniq_robin

Action                     || total
---------------------------++-------
  Melee: Unarmed           ||     5
   Fire: Shortbow          ||    29
    Use: Potion            ||     4
         Scroll            ||     1
 Armour: Leather armour    ||    11
  Dodge: Dodged            ||    25

Table legend: (Time is in decaauts)
 A = Elapsed time spent in this place.
 B = Non-inter-level travel time spent in this place.
 C = Inter-level travel time spent in this place.
 D = Time resting spent in this place.
 E = Time spent auto-exploring this place.
 F = Levels seen in this place.
 G = Mean time per level.
                   A        B        C        D        E       F      G
               +--------+--------+--------+--------+--------+-----+--------+
         Total |    413 |    343 |     70 |      0 |      0 |   2 |  206.5 |
       Dungeon |    413 |    343 |     70 |      0 |      0 |   2 |  206.5 |
               +--------+--------+--------+--------+--------+-----+--------+

Top non-repeatable levels by time:
     D:1: 371 daAuts
     D:2: 42 daAuts
